 Dungeon Crawl Stone Soup version 0.28.0-1-gb440e238dd (webtiles) character file.

Game seed: 4675700936725292607

113 Kaptain the Digger (level 4, -3/28 HPs)
             Began as an Octopode Earth Elementalist on Feb 20, 2022.
             Slain by a water moccasin zombie (4 damage)
             ... on level 3 of the Dungeon.
             The game lasted 00:06:11 (2469 turns).

Kaptain the Digger (Octopode Earth Elementalist)    Turns: 2469, Time: 00:06:11

Health: -3/28      AC:  1    Str:  7    XL:     4   Next: 96%
Magic:  2/8        EV: 13    Int: 19    God:
Gold:   45         SH:  0    Dex: 12    Spells: 5/9 levels left

rFire   . . .      SeeInvis .   m - staff of earth
rCold   . . .      Faith    .   (no shield)
rNeg    . . .      Spirit   .   (helmet restricted)
rPois   .          Reflect  .   (no amulet)
rElec   .          Harm     .   (no ring)
rCorr   .          Rampage  .   (no ring)
Will    .....                   (no ring)
Stlth   ++++......              (no ring)
HPRegen 0.09/turn               (no ring)
MPRegen 0.11/turn               (no ring)
                                (no ring)
                                (no ring)

@: brilliant, very slightly contaminated, invisible
A: almost no armour, amphibious, 8 rings, camouflage 1, gelatinous body 1,
nimble swimmer 1, tentacles
a: no special abilities


You were on level 3 of the Dungeon.
You visited 1 branch of the dungeon, and saw 3 of its levels.

You collected 45 gold pieces.

Inventory:

Hand Weapons
 c - a +4 whip
 f - a +0 dagger
 g - a +0 falchion of electrocution
 k - a +0 hunting sling
Missiles
 b - 99 stones
 j - 3 curare-tipped darts
Armour
 a - an orb of wrath
Magical Staves
 m - a staff of earth (weapon)
Scrolls
 e - a scroll of amnesia {unknown}
 n - a scroll of teleportation {unknown}
 o - 2 scrolls of blinking {unknown}
Potions
 i - a potion of lignification {unknown}
 l - a potion of curing {unknown}


   Skills:
 + Level 1.0 Fighting
 + Level 2.4 Dodging
 + Level 3.6 Stealth
 * Level 3.0 Spellcasting
 * Level 1.2 Conjurations
 - Level 1.0 Transmutations
 * Level 3.6 Earth Magic


You had 5 spell levels left.
You knew the following spells:

 Your Spells              Type           Power      Damage    Failure   Level
a - Sandblast             Erth           74%        2d16      3%          1
b - Stone Arrow           Conj/Erth      54%        3d10      17%         3

Your spell library contained the following spells:

 Spells                   Type           Power      Damage    Failure   Level
 Passwall                 Tmut/Erth      21%        N/A       9%          2
 Petrify                  Tmut/Erth      26%        N/A       50%         4
 Summon Lightning Spire   Summ/Air       4%         N/A       83%         4
 Storm Form               Tmut/Air       3%         N/A       100%        7
 Maxwell's Capacitive Co  Air            2%         ∞         100%        8


Dungeon Overview and Level Annotations

Branches:
Dungeon (3/15)

Altars:


Innate Abilities, Weirdness & Mutations

You cannot wear most types of armour.
You are amphibious.
You can wear up to eight rings at the same time.
Your skin changes colour to match your surroundings (Stealth+).
Your rubbery body absorbs attacks. (AC +1, EV +1)
You are camouflaged when in or above water. (Stealth+)
You have tentacles for arms and can constrict up to eight enemies at once.


Message History

Aim: a water moccasin zombie (water, lightly damaged, 81% to hit)
Okay, then.
The water moccasin zombie closely misses you.
The jackal stops to sniff the ground.
The water moccasin zombie bites you. The jackal barely misses you.
The water moccasin zombie bites you.
A jackal comes into view.
The jackal barks!
You hear a bark!
Casting: Sandblast (safe; 3% risk of failure)
Confirm with . or Enter, or press ? or * to list all spells.
Aiming: Sandblast (safe; 3% risk of failure)
Press: ? - help, Shift-Dir - straight line, f/p - water moccasin zombie
Aim: a water moccasin zombie (lightly damaged, 81% to hit)
You feel a surge of power!
You miscast Sandblast.
You are very lightly contaminated with residual magic.
Nothing appears to happen.
The water moccasin zombie bites you.
* * * LOW HITPOINT WARNING * * *
Casting: Sandblast (safe; 3% risk of failure)
Confirm with . or Enter, or press ? or * to list all spells.
Aiming: Sandblast (safe; 3% risk of failure)
Press: ? - help, Shift-Dir - straight line, f/p - water moccasin zombie
Aim: a water moccasin zombie (lightly damaged, 81% to hit)
You feel a surge of power!
The blast of sand hits the water moccasin zombie!
The water moccasin zombie is moderately damaged.
The water moccasin zombie closely misses you.
Okay, then.
It was a potion of invisibility.
You fade into invisibility!
The water moccasin zombie bites you.
* * * LOW HITPOINT WARNING * * *
A jackal comes into view.
The water moccasin zombie bites you.
* * * LOW HITPOINT WARNING * * *
Okay, then.
Unknown command.
It was a potion of brilliance.
You feel clever all of a sudden. The water moccasin zombie bites you.
You die...

#..## .. .... # #.#
..#.# # #..## ###.# #
#...##### ##..### .
#.......# #......
##.######>....####....##
......................P.
≈....h≈@Z≈≈≈≈†≈≈≈≈≈≈≈≈≈≈
h....≈≈≈≈≈≈≈≈≈≈≈≈≈≈≈≈≈≈≈
≈....h≈≈≈g≈≈≈≈≈≈≈#####≈≈
.................#.g.#≈≈
#++++#############...#≈≈
+###≈≈ ≈≈≈


You could see a gnoll, a water moccasin zombie and 3 jackals.

Vanquished Creatures
  4 gnolls (D:2)
  2 adders
  A worm (D:2)
  A dart slug (D:1)
  An orc (D:3)
  8 bats
  An endoplasm (D:3)
  3 giant cockroaches
  9 goblins
  2 hobgoblins
  A jackal (D:3)
  3 kobolds
  2 quokkas
  2 ball pythons
  2 frilled lizards
  5 rats
47 creatures vanquished.

Vanquished Creatures (collateral kills)
  A kobold (D:2)
1 creature vanquished.

Vanquished Creatures (others)
  23 plants (D:2)
23 creatures vanquished.

Grand Total: 71 creatures vanquished

Notes
Turn   | Place    | Note
-------+----------+-------------------------------------------
     0 | D:1      | Kaptain the Octopode Earth Elementalist began the quest for
                  | the Orb.
     0 | D:1      | Reached XP level 1. HP: 11/11 MP: 3/3
   183 | D:1      | Reached XP level 2. HP: 6/17 MP: 0/5
  1246 | D:2      | Found a faded altar of an unknown god.
  1323 | D:2      | Reached XP level 3. HP: 7/22 MP: 0/6
  1327 | D:2      | Learned a level 3 spell: Stone Arrow
  1596 | D:2      | Reached XP level 4. HP: 13/27 MP: 0/8
  1633 | D:2      | Reached skill level 1 in Conjurations
  2184 | D:3      | Reached skill level 1 in Fighting
  2468 | D:3      | HP: 1/28 [water moccasin zombie (4)]
  2469 | D:3      | Slain by a water moccasin zombie

Illustrated notes

Levels and vault maps discovered:
D:1:      onia_arrival_pyramid, layout_basic
D:2:      layout_rooms, dreamdust_ecumenical_altar_angels_and_demons,
          serial_bayou_lagoon_a
D:3:      lemuel_castle_with_subvaults [lemuel_castle_interior_carwin_2],
          layout_rooms, gammafunk_ghost_nasty_kobolds

Skill      XL: |  1  2  3  4 |
---------------+-------------+-----
Stealth        | 3 |  3.6
Conjurations   | 1 |  1.2
Fighting       | 1 |  1.0
Spellcasting   | 3 |  3.0
Dodging        | |  2.4
Transmutations | |  1.0
Earth Magic    | |  3.6

Action                   |  1- 3 |  4- 6 || total
-------------------------+-------+-------++-------
Melee: Unarmed           |     5 |       ||     5
       Constrict         |    11 |       ||    11
       Tentacles         |     5 |       ||     5
       Punch             |     2 |       ||     2
       Falchion          |    34 |       ||    34
       Whip              |       |     1 ||     1
 Cast: Sandblast         |    22 |    34 ||    56
  Use: Scroll            |     2 |       ||     2
       Potion            |     1 |     2 ||     3
 Stab: Sleeping          |     2 |       ||     2
Armor: Skin              |     6 |     1 ||     7
Dodge: Dodged            |    29 |    11 ||    40
